[Event "Edmonton int."]
[Site "Edmonton CAN"]
[Date "2019.06.21"]
[Round "6.2"]
[White "Findlay, Ian"]
[Black "Balakrishnan, Praveen"]
[Result "1/2-1/2"]
[ECO "B33"]
[WhiteElo "2206"]
[BlackElo "2428"]
[PlyCount "98"]
[EventDate "2019.06.19"]
[EventType "tourn"]
[EventRounds "9"]
[EventCountry "CAN"]
[TimeControl "1"]

1. e4 c5 2. Nf3 Nc6 3. d4 cxd4 4. Nxd4 Nf6 5. Nc3 e5 6. Ndb5 d6 7. Bg5 a6 8. Na3 b5 9. Nd5 Be7 10. Bxf6 Bxf6 11. c3 O-O 12. Nc2 Rb8 13. h4 g6 14. h5 Bg5 15. g3 a5 16. a3 Be6 17. Bg2 Ne7 18. Nce3 Kg7 19. Qd3 Nxd5 20. Nxd5 f5 21. Rd1 Qd7 22. hxg6 hxg6 23. exf5 Bxf5 24. Be4 Qa7 25. O-O Bh3 26. Bg2 Bf5 27. Be4 Be6 28. Ne3 Rxf2 29. Kxf2 Bc4 30. Qd2 Rf8+ 31. Kg2 Bxf1+ 32. Rxf1 Rxf1 33. Kxf1 Qxe3 34. Qxe3 Bxe3 35. Ke2 Bc1 36. b4 Bxa3 37. bxa5 Bc5 38. a6 Kf6 39. Bd3 Kg5 40. Kf3 d5 41. Bxb5 e4+ 42. Kg2 Kf5 43. Bc6 Ke5 44. Kf1 d4 45. cxd4+ Kxd4 46. Ke2 g5 47. g4 Ke5 48. Bd7 Kf4 49. Bf5 Ba7 1/2-1/2

[Event "Edmonton int."]
[Site "Edmonton CAN"]
[Date "2019.06.21"]
[Round "6.3"]
[White "Porper, Edward"]
[Black "Paragua, Mark"]
[Result "0-1"]
[ECO "D93"]
[WhiteElo "2382"]
[BlackElo "2501"]
[PlyCount "58"]
[EventDate "2019.06.19"]
[EventType "tourn"]
[EventRounds "9"]
[EventCountry "CAN"]
[TimeControl "1"]

1. d4 Nf6 2. c4 g6 3. Nc3 d5 4. Bf4 Bg7 5. e3 c6 6. Nf3 O-O 7. h3 Qa5 8. Nd2 Be6 9. Qb3 b6 10. Be2 Rd8 11. O-O c5 12. dxc5 Qxc5 13. Qb5 Nc6 14. Qxc5 bxc5 15. Bf3 Nb4 16. Bg5 Rab8 17. cxd5 Nfxd5 18. Nxd5 Nxd5 19. Ne4 h6 20. Bh4 c4 21. Nc5 Rxb2 22. Rad1 g5 23. Nxe6 fxe6 24. e4 gxh4 25. exd5 c3 26. Be4 exd5 27. Rxd5 Rxd5 28. Bxd5+ Kh8 29. Bb3 Bd4 0-1

[Event "Edmonton int."]
[Site "Edmonton CAN"]
[Date "2019.06.21"]
[Round "6.4"]
[White "Zierk, Steven"]
[Black "Banerjee, Bitan"]
[Result "1-0"]
[ECO "B51"]
[WhiteElo "2490"]
[BlackElo "2427"]
[PlyCount "99"]
[EventDate "2019.06.19"]
[EventType "tourn"]
[EventRounds "9"]
[EventCountry "CAN"]
[TimeControl "1"]

1. e4 c5 2. Nf3 d6 3. Bb5+ Nd7 4. O-O a6 5. Bd3 Ngf6 6. Re1 g6 7. c3 Ne5 8. Be2 Nxf3+ 9. Bxf3 e5 10. d4 Qc7 11. a4 b6 12. Na3 Bg7 13. dxe5 dxe5 14. Bg5 O-O 15. Bxf6 Bxf6 16. Be2 Bb7 17. Bc4 Bg5 18. Qe2 Rfd8 19. Rad1 Rxd1 20. Rxd1 Rd8 21. Rd3 Kh8 22. Rxd8+ Qxd8 23. Bxf7 Bxe4 24. Bc4 Bc6 25. Qxe5+ Bf6 26. Qe2 Bxa4 27. Bxa6 Bc6 28. Bb5 Bd5 29. Nc4 Bxc4 30. Bxc4 Qe7 31. Qd1 Kg7 32. g3 Qd8 33. Qf3 Qd6 34. Qb7+ Be7 35. h4 Qd8 36. Qe4 Bf6 37. Qe6 Be7 38. h5 gxh5 39. Qe4 Qd6 40. Bd3 Kf8 41. Qxh7 h4 42. Qh8+ Kf7 43. Qh5+ Kg7 44. Qg4+ Kh6 45. Qe4 hxg3 46. Qh7+ Kg5 47. f4+ Kg4 48. Qf5+ Kf3 49. Qe4+ Kg4 50. Be2+ 1-0

[Event "Edmonton int."]
[Site "Edmonton CAN"]
[Date "2019.06.22"]
[Round "7.1"]
[White "Noritsyn, Nikolay"]
[Black "Daggupati, Balaji"]
[Result "1-0"]
[ECO "D12"]
[WhiteElo "2508"]
[BlackElo "2331"]
[PlyCount "55"]
[EventDate "2019.06.19"]
[EventType "tourn"]
[EventRounds "9"]
[EventCountry "CAN"]
[TimeControl "1"]

1. d4 d5 2. Nf3 Nf6 3. c4 c6 4. e3 Bf5 5. Nc3 e6 6. Nh4 Be4 7. f3 Bg6 8. Qb3 b5 9. cxd5 exd5 10. g3 Nbd7 11. Bg2 b4 12. Na4 c5 13. O-O c4 14. Qd1 Bd3 15. Re1 Nb6 16. e4 dxe4 17. fxe4 Qxd4+ 18. Be3 Qd7 19. Nc5 Bxc5 20. Bxc5 Qb5 21. Bd6 O-O-O 22. Nf5 Nxe4 23. Qg4 Rd7 24. Bxe4 h5 25. Ne7+ Kd8 26. Nc6+ Kc8 27. Nxa7+ Kd8 28. Qxg7 1-0

[Event "Edmonton int."]
[Site "Edmonton CAN"]
[Date "2019.06.22"]
[Round "7.2"]
[White "Banerjee, Bitan"]
[Black "Shabalov, Alexander"]
[Result "1-0"]
[ECO "A40"]
[WhiteElo "2427"]
[BlackElo "2528"]
[PlyCount "51"]
[EventDate "2019.06.19"]
[EventType "tourn"]
[EventRounds "9"]
[EventCountry "CAN"]
[TimeControl "1"]

1. d4 e6 2. c4 b6 3. e4 Bb7 4. Bd3 f5 5. exf5 Bb4+ 6. Kf1 Nf6 7. Nf3 O-O 8. a3 Bd6 9. Nc3 Bxf3 10. Qxf3 Nc6 11. Be3 e5 12. d5 e4 13. Bxe4 Ne5 14. Qe2 Nxe4 15. Nxe4 Rxf5 16. h4 Qf8 17. Rh3 Re8 18. Re1 Ng6 19. Qg4 Bf4 20. Bd4 Be5 21. Bxe5 Rexe5 22. Rhe3 b5 23. b3 bxc4 24. bxc4 d6 25. g3 Qe8 26. Nxd6 1-0

[Event "Edmonton int."]
[Site "Edmonton CAN"]
[Date "2019.06.22"]
[Round "7.3"]
[White "Paragua, Mark"]
[Black "Zierk, Steven"]
[Result "1-0"]
[ECO "C05"]
[WhiteElo "2501"]
[BlackElo "2490"]
[PlyCount "117"]
[EventDate "2019.06.19"]
[EventType "tourn"]
[EventRounds "9"]
[EventCountry "CAN"]
[TimeControl "1"]

1. e4 e6 2. d4 d5 3. Nd2 Nf6 4. e5 Nfd7 5. c3 c5 6. Ngf3 b6 7. Bb5 a6 8. Bd3 cxd4 9. cxd4 a5 10. Nb1 Ba6 11. O-O Be7 12. Nc3 Bxd3 13. Qxd3 O-O 14. Bd2 Nc6 15. Rac1 Rc8 16. a3 Ndb8 17. Nb5 h6 18. Rc3 Qd7 19. Rfc1 Rfd8 20. g4 f5 21. exf6 Bxf6 22. Kh1 e5 23. dxe5 Bxe5 24. Nbd4 Bf6 25. g5 hxg5 26. Nxg5 Bxg5 27. Bxg5 Re8 28. Qf5 Qxf5 29. Nxf5 Re5 30. Nd6 Rf8 31. f4 Re6 32. Nb5 Rfe8 33. Bh4 d4 34. Rd3 Re3 35. Rxe3 Rxe3 36. Nxd4 Nxd4 37. Rc8+ Kh7 38. Rxb8 Nf3 39. Bf2 Re4 40. Rxb6 Rxf4 41. Kg2 Nd2 42. Rb5 Nc4 43. a4 Re4 44. b3 Nd2 45. Bb6 Re2+ 46. Kg3 Nf1+ 47. Kf3 Rb2 48. Bxa5 Nxh2+ 49. Ke4 Nf1 50. Bc3 Re2+ 51. Kd4 Kh6 52. a5 Ra2 53. Rb4 Ng3 54. Ra4 Ne2+ 55. Kd3 Nc1+ 56. Kc4 Rc2 57. a6 Na2 58. a7 Nxc3 59. Ra6+ 1-0

[Event "Edmonton int."]
[Site "Edmonton CAN"]
[Date "2019.06.22"]
[Round "7.4"]
[White "Balakrishnan, Praveen"]
[Black "Porper, Edward"]
[Result "1/2-1/2"]
[ECO "D45"]
[WhiteElo "2428"]
[BlackElo "2382"]
[PlyCount "64"]
[EventDate "2019.06.19"]
[EventType "tourn"]
[EventRounds "9"]
[EventCountry "CAN"]
[TimeControl "1"]

1. d4 d5 2. c4 c6 3. Nf3 Nf6 4. Nc3 e6 5. e3 Nbd7 6. Bd2 b6 7. Bd3 Bb7 8. O-O Be7 9. Qe2 O-O 10. Rfd1 dxc4 11. Bxc4 c5 12. Ba6 Qc8 13. Bxb7 Qxb7 14. e4 cxd4 15. Nxd4 Nc5 16. f3 Rfd8 17. Be3 Rac8 18. Rac1 a6 19. b4 Ncd7 20. b5 axb5 21. Ndxb5 Nc5 22. Bd4 Qb8 23. Rb1 Rd7 24. Kh1 Rcd8 25. Bxc5 Bxc5 26. Na4 Qe5 27. Rxd7 Rxd7 28. Rd1 h5 29. Rxd7 Nxd7 30. Qd1 h4 31. Nxc5 Qxc5 32. a4 Nf6 1/2-1/2

[Event "Edmonton int."]
[Site "Edmonton CAN"]
[Date "2019.06.22"]
[Round "7.5"]
[White "Dave, Bhavik"]
[Black "Findlay, Ian"]
[Result "0-1"]
[ECO "A61"]
[WhiteElo "1818"]
[BlackElo "2206"]
[PlyCount "147"]
[EventDate "2019.06.19"]
[EventType "tourn"]
[EventRounds "9"]
[EventCountry "CAN"]
[TimeControl "1"]

1. d4 Nf6 2. c4 c5 3. d5 e6 4. Nc3 exd5 5. cxd5 d6 6. Nf3 g6 7. Bf4 Bg7 8. Qa4+ Bd7 9. Qb3 Qc7 10. h3 O-O 11. Nd2 b5 12. e3 Na6 13. Bxb5 Bxb5 14. Nxb5 Qa5 15. Ke2 Nxd5 16. Bxd6 Nab4 17. a4 Rfc8 18. Nc4 Qd8 19. Rhd1 Qg5 20. Kf1 a6 21. Nc3 Nxc3 22. bxc3 Nd5 23. Rd3 Nb4 24. cxb4 Bxa1 25. Nb6 c4 26. Nxc4 Bf6 27. Bc5 Rc7 28. Nb6 Rd8 29. Nd5 Rcd7 30. e4 Kg7 31. a5 Be5 32. Qd1 f5 33. f3 fxe4 34. fxe4 Rf7+ 35. Kg1 h5 36. Rf3 Rxf3 37. Qxf3 Qc1+ 38. Kf2 Qd2+ 39. Kf1 Re8 40. Qe3 Qd1+ 41. Qe1 Qb3 42. Qf2 Qb1+ 43. Qe1 Qc2 44. Qe2 Qc1+ 45. Qe1 Qg5 46. Qe3 Qxe3 47. Bxe3 Bd6 48. Ke2 Rxe4 49. Kd3 Re8 50. Kc4 Rc8+ 51. Bc5 Bb8 52. Ne3 Kf6 53. Kd5 Bf4 54. Ke4 Bxe3 55. Kxe3 Ke5 56. g3 Rc6 57. Kd3 Kd5 58. Ke3 Re6+ 59. Kf3 Re4 60. Bf8 g5 61. Bc5 Rc4 62. g4 Rc3+ 63. Be3 h4 64. Kf2 Ke4 65. Bxg5 Rxh3 66. Be7 Rf3+ 67. Ke2 h3 68. Bd6 Rd3 69. Bh2 Rb3 70. Kf2 Rxb4 71. Kg3 Rb3+ 72. Kh4 Rb5 73. Kxh3 Rxa5 74. Bd6 0-1

[Event "Edmonton int."]
[Site "Edmonton CAN"]
[Date "2019.06.22"]
[Round "8.1"]
[White "Daggupati, Balaji"]
[Black "Findlay, Ian"]
[Result "1-0"]
[ECO "B70"]
[WhiteElo "2331"]
[BlackElo "2206"]
[PlyCount "59"]
[EventDate "2019.06.19"]
[EventType "tourn"]
[EventRounds "9"]
[EventCountry "CAN"]
[TimeControl "1"]

1. e4 c5 2. Nf3 d6 3. d4 cxd4 4. Nxd4 Nf6 5. Nc3 g6 6. Bc4 Bg7 7. O-O O-O 8. h3 Nxe4 9. Nxe4 d5 10. Nb5 a6 11. Bxd5 axb5 12. c3 Nc6 13. Nc5 Qc7 14. Qb3 e6 15. Be4 Ne5 16. Nd3 Ra4 17. Nb4 f5 18. Bb1 Bd7 19. Qd1 Nc6 20. Bc2 Raa8 21. Nd3 e5 22. Nc5 Rad8 23. Bg5 Bc8 24. Bxd8 Rxd8 25. Qe2 b4 26. Rad1 bxc3 27. bxc3 e4 28. Qc4+ Kh8 29. Rxd8+ Nxd8 30. Bb3 1-0

[Event "Edmonton int."]
[Site "Edmonton CAN"]
[Date "2019.06.22"]
[Round "8.2"]
[White "Porper, Edward"]
[Black "Dave, Bhavik"]
[Result "1-0"]
[ECO "D43"]
[WhiteElo "2382"]
[BlackElo "1818"]
[PlyCount "85"]
[EventDate "2019.06.19"]
[EventType "tourn"]
[EventRounds "9"]
[EventCountry "CAN"]
[TimeControl "1"]

1. d4 d5 2. c4 c6 3. Nf3 Nf6 4. Nc3 e6 5. Bg5 h6 6. Bxf6 Qxf6 7. e3 Nd7 8. Bd3 dxc4 9. Bxc4 g6 10. O-O Bg7 11. e4 e5 12. d5 Nb6 13. Be2 O-O 14. a4 cxd5 15. exd5 Bf5 16. a5 Nc8 17. Nd2 Nd6 18. Nc4 Rfd8 19. Nxd6 Qxd6 20. Qb3 Bf8 21. Ra4 b6 22. a6 Rac8 23. Rd1 Bd7 24. Bb5 Bxb5 25. Qxb5 Qc5 26. Qe2 Bd6 27. h4 h5 28. g4 hxg4 29. Rxg4 Kh8 30. h5 Rg8 31. hxg6 Rxg6 32. Rxg6 fxg6 33. Qg4 Rf8 34. Rd2 Qc8 35. Qxc8 Rxc8 36. Nb5 Bb4 37. Re2 Rc5 38. Nxa7 Rxd5 39. Nc6 Rd1+ 40. Kg2 Bc5 41. a7 Ra1 42. Rxe5 Kg7 43. Re8 1-0

[Event "Edmonton int."]
[Site "Edmonton CAN"]
[Date "2019.06.22"]
[Round "8.3"]
[White "Zierk, Steven"]
[Black "Balakrishnan, Praveen"]
[Result "1-0"]
[ECO "B33"]
[WhiteElo "2490"]
[BlackElo "2428"]
[PlyCount "83"]
[EventDate "2019.06.19"]
[EventType "tourn"]
[EventRounds "9"]
[EventCountry "CAN"]
[TimeControl "1"]

1. e4 c5 2. Nf3 Nc6 3. d4 cxd4 4. Nxd4 Nf6 5. Nc3 e5 6. Ndb5 d6 7. Nd5 Nxd5 8. exd5 Ne7 9. c4 Ng6 10. Qa4 Bd7 11. Qb4 Bf5 12. Qa4 Bd7 13. Qb4 Bf5 14. h4 h5 15. Bg5 Qb8 16. Nc3 Be7 17. g3 Bxg5 18. hxg5 Ke7 19. Bg2 b6 20. Be4 Bxe4 21. Nxe4 Qc7 22. O-O-O h4 23. Kb1 hxg3 24. fxg3 Rxh1 25. Rxh1 Rh8 26. Rf1 Rd8 27. a4 Qd7 28. a5 Qc7 29. axb6 Qxb6 30. Qc3 Rb8 31. Qa3 Rd8 32. Qf3 Nh8 33. g6 Rb8 34. Qa3 f6 35. c5 dxc5 36. Nxc5 Ke8 37. Ne6 Nxg6 38. Rc1 Ne7 39. Rc7 Qb4 40. Qxb4 Rxb4 41. d6 Nc6 42. d7+ 1-0

[Event "Edmonton int."]
[Site "Edmonton CAN"]
[Date "2019.06.22"]
[Round "8.4"]
[White "Shabalov, Alexander"]
[Black "Paragua, Mark"]
[Result "1-0"]
[ECO "B90"]
[WhiteElo "2528"]
[BlackElo "2501"]
[PlyCount "53"]
[EventDate "2019.06.19"]
[EventType "tourn"]
[EventRounds "9"]
[EventCountry "CAN"]
[TimeControl "1"]

1. e4 c5 2. Nf3 d6 3. d4 cxd4 4. Nxd4 Nf6 5. Nc3 a6 6. h3 e5 7. Nb3 Be6 8. f4 exf4 9. Bxf4 Be7 10. Qe2 Nc6 11. O-O-O Qc7 12. g4 Ne5 13. Nd4 g6 14. Qg2 Rc8 15. Kb1 Qa5 16. Be2 O-O 17. g5 Nfd7 18. Bd2 Qb6 19. Nxe6 fxe6 20. h4 Qf2 21. Qh3 Rxc3 22. Qxe6+ Rf7 23. Rdf1 Qxe2 24. Rxf7 Nxf7 25. Bxc3 Nc5 26. Qxe7 Qxe4 27. Re1 1-0

[Event "Edmonton int."]
[Site "Edmonton CAN"]
[Date "2019.06.22"]
[Round "8.5"]
[White "Noritsyn, Nikolay"]
[Black "Banerjee, Bitan"]
[Result "1-0"]
[ECO "B90"]
[WhiteElo "2508"]
[BlackElo "2427"]
[PlyCount "65"]
[EventDate "2019.06.19"]
[EventType "tourn"]
[EventRounds "9"]
[EventCountry "CAN"]
[TimeControl "1"]

1. e4 c5 2. Nf3 d6 3. d4 cxd4 4. Nxd4 Nf6 5. Nc3 a6 6. Nb3 Nbd7 7. a4 b6 8. g4 Bb7 9. Bg2 Rc8 10. Qe2 g6 11. f4 h6 12. O-O e5 13. Be3 Be7 14. h3 Kf8 15. Rad1 Kg7 16. Qf2 Rxc3 17. bxc3 Nxe4 18. Bxe4 Bxe4 19. fxe5 Nxe5 20. Bd4 Qe8 21. Rde1 Bd5 22. a5 bxa5 23. Nd2 f6 24. c4 Ba8 25. c5 Rf8 26. Ne4 Qc6 27. Qg3 Qd5 28. Ba1 dxc5 29. c4 Qe6 30. Nxf6 Bxf6 31. Rxf6 Rxf6 32. Rxe5 Qxc4 33. Re7+ 1-0

[Event "Edmonton int."]
[Site "Edmonton CAN"]
[Date "2019.06.23"]
[Round "9.1"]
[White "Banerjee, Bitan"]
[Black "Daggupati, Balaji"]
[Result "1/2-1/2"]
[ECO "A11"]
[WhiteElo "2427"]
[BlackElo "2331"]
[PlyCount "69"]
[EventDate "2019.06.19"]
[EventType "tourn"]
[EventRounds "9"]
[EventCountry "CAN"]
[TimeControl "1"]

1. Nf3 d5 2. e3 Nf6 3. c4 c6 4. Nc3 e6 5. Qc2 Nbd7 6. b3 Bd6 7. g4 Nxg4 8. Rg1 Nge5 9. Nxe5 Nxe5 10. Be2 Qf6 11. Bb2 Nf3+ 12. Bxf3 Qxf3 13. Rxg7 Bd7 14. Ne2 Bxh2 15. O-O-O O-O-O 16. Nf4 Bxf4 17. Rxf7 Rdf8 18. Rxf4 Rxf4 19. Bxh8 Rf5 20. cxd5 exd5 21. Qc5 b6 22. Qd6 Qe4 23. f4 Qe6 24. Qxe6 Bxe6 25. Rh1 Rf7 26. Rh6 Bd7 27. Be5 c5 28. d3 Bf5 29. Kd2
Bg6 30. Rh1 h5 31. Re1 Rd7 32. Kc3 d4+ 33. exd4 cxd4+ 34. Bxd4 h4 35. Rh1 1/2-1/2

[Event "Edmonton int."]
[Site "Edmonton CAN"]
[Date "2019.06.23"]
[Round "9.2"]
[White "Paragua, Mark"]
[Black "Noritsyn, Nikolay"]
[Result "1/2-1/2"]
[ECO "B90"]
[WhiteElo "2501"]
[BlackElo "2508"]
[PlyCount "61"]
[EventDate "2019.06.19"]
[EventType "tourn"]
[EventRounds "9"]
[EventCountry "CAN"]
[TimeControl "1"]

1. e4 c5 2. Nf3 d6 3. d4 cxd4 4. Nxd4 Nf6 5. Nc3 a6 6. a4 g6 7. Be2 Bg7 8. O-O O-O 9. Be3 Nc6 10. Qd2 Ng4 11. Bxg4 Bxg4 12. Nd5 Rc8 13. f3 Nxd4 14. Bxd4 Bxd4+ 15. Qxd4 Be6 16. c3 Bxd5 17. exd5 Qa5 18. Rfe1 Rfe8 19. Re4 Qc5 20. a5 e6 21. dxe6 Rxe6 22. Qxc5 Rxc5 23. Rd1 Rxe4 24. fxe4 Rxa5 25. Rxd6 Rb5 26. b4 a5 27. bxa5 Rxa5 28. Rb6 Ra3 29. Rxb7 Rxc3 30. Kf2 h5 31. h4 1/2-1/2

[Event "Edmonton int."]
[Site "Edmonton CAN"]
[Date "2019.06.23"]
[Round "9.3"]
[White "Balakrishnan, Praveen"]
[Black "Shabalov, Alexander"]
[Result "1-0"]
[ECO "D15"]
[WhiteElo "2428"]
[BlackElo "2528"]
[PlyCount "73"]
[EventDate "2019.06.19"]
[EventType "tourn"]
[EventRounds "9"]
[EventCountry "CAN"]
[TimeControl "1"]

1. d4 d5 2. c4 c6 3. Nf3 Nf6 4. Nc3 a6 5. e3 b5 6. b3 Bg4 7. Bd2 e6 8. h3 Bxf3 9. Qxf3 Nbd7 10. Bd3 Bb4 11. O-O O-O 12. a3 Ba5 13. Rfd1 Re8 14. Bf1 bxc4 15. bxc4 Nb6 16. Nxd5 Nbxd5 17. cxd5 cxd5 18. Bd3 Bxd2 19. Rxd2 Qa5 20. Rc2 Rec8 21. Qe2 g6 22. Rxc8+ Rxc8 23. Bxa6 Ra8 24. Bb5 Ne4 25. Qf1 Rc8 26. Bd3 Nd2 27. Qe1 Qc3 28. Be2 Qb2 29. a4 Nb3 30. Rb1 Qa2 31. Bd3 Kg7 32. Qb4 Nc1 33. Bf1 Rc2 34. Qb8 Qxa4 35. Qe5+ Kh6 36. Rb7 Qe8 37. Qf6 1-0

[Event "Edmonton int."]
[Site "Edmonton CAN"]
[Date "2019.06.23"]
[Round "9.4"]
[White "Dave, Bhavik"]
[Black "Zierk, Steven"]
[Result "0-1"]
[ECO "D20"]
[WhiteElo "1818"]
[BlackElo "2490"]
[PlyCount "40"]
[EventDate "2019.06.19"]
[EventType "tourn"]
[EventRounds "9"]
[EventCountry "CAN"]
[TimeControl "1"]

1. d4 d5 2. c4 dxc4 3. e3 e5 4. Nf3 exd4 5. Bxc4 Bd6 6. exd4 Nf6 7. O-O O-O 8. Bg5 Nc6 9. Nbd2 h6 10. Be3 Bf5 11. a3 Ng4 12. Re1 a6 13. Nf1 Qd7 14. Bd3 Rfe8 15. b4 Bxd3 16. Qxd3 Ne7 17. N1d2 Nd5 18. Ne4 Qf5 19. Nc5 Ndxe3 20. fxe3 Bxh2+ 0-1

[Event "Edmonton int."]
[Site "Edmonton CAN"]
[Date "2019.06.23"]
[Round "9.5"]
[White "Findlay, Ian"]
[Black "Porper, Edward"]
[Result "0-1"]
[ECO "B06"]
[WhiteElo "2206"]
[BlackElo "2382"]
[PlyCount "56"]
[EventDate "2019.06.19"]
[EventType "tourn"]
[EventRounds "9"]
[EventCountry "CAN"]
[TimeControl "1"]

1. e4 d6 2. d4 g6 3. g3 Bg7 4. Bg2 c5 5. dxc5 Qa5+ 6. Bd2 Qxc5 7. Bc3 Nf6 8. Ne2 Nc6 9. O-O O-O 10. Nd2 b5 11. Nb3 Qb6 12. a4 b4 13. a5 Qa6 14. Bd2 Bg4 15. f3 Be6 16. Nbd4 Bc4 17. Re1 Nd7 18. c3 Nc5 19. Nxc6 Qxc6 20. Nf4 bxc3 21. Bxc3 Bxc3 22. bxc3 Nb3 23. Rb1 Qc5+ 24. Kh1 Nxa5 25. Qa4 Rab8 26. Qd7 Nc6 27. Nd5 Bxd5 28. exd5 Ne5 0-1

[Event "Halifax Summer op"]
[Site "Halifax CAN"]
[Date "2019.06.28"]
[Round "1.1"]
[White "Kapra, Jerjis"]
[Black "Turner, Peter"]
[Result "1-0"]
[ECO "C06"]
[WhiteElo "1658"]
[BlackElo "1978"]
[PlyCount "75"]
[EventDate "2019.05.28"]
[EventType "swiss"]
[EventRounds "5"]
[EventCountry "CAN"]
[TimeControl "2+30"]

1. e4 e6 2. d4 d5 3. Nd2 Nf6 4. e5 Nfd7 5. Bd3 c5 6. c3 Nc6 7. Ne2 Be7 8. f4 Qb6 9. Nf3 cxd4 10. cxd4 Nf8 11. O-O Bd7 12. Qe1 O-O-O 13. a3 h6 14. b4 Be8 15. Bd2 a6 16. Rb1 Qa7 17. a4 b5 18. axb5 axb5 19. Qf2 Qb7 20. Rfc1 Kb8 21. Rc2 f6 22. Nc1 g5 23. exf6 Bxf6 24. fxg5 hxg5 25. Bxg5 Bxg5 26. Qg3+ Qc7 27. Qxg5 Rd7 28. Rxc6 Qxc6 29. Qe5+ Qd6 30. Qxh8 Kb7 31. Qe5 Qc6 32. Nb3 Qc3 33. Nc5+ Kc8 34. Bxb5 Ng6 35. Bxd7+ Bxd7 36. Qe1 Qc2 37. Qc1 Qf5 38. Nxe6+ 1-0

[Event "Halifax Summer op"]
[Site "Halifax CAN"]
[Date "2019.06.28"]
[Round "1.2"]
[White "Saunders, Stephen"]
[Black "Bardsley, David"]
[Result "1-0"]
[ECO "E81"]
[WhiteElo "1837"]
[BlackElo "1566"]
[PlyCount "61"]
[EventDate "2019.05.28"]
[EventType "swiss"]
[EventRounds "5"]
[EventCountry "CAN"]
[TimeControl "2+30"]

1. d4 Nf6 2. c4 g6 3. f3 Bg7 4. e4 d6 5. Nc3 O-O 6. Bg5 c5 7. d5 Nbd7 8. Nh3 Ne5 9. Nf2 b6 10. a4 Qc7 11. Be2 Ba6 12. Nb5 Bxb5 13. axb5 h6 14. Be3 Qc8 15. Ra6 Ne8 16. Qa1 Qb7 17. O-O Nc7 18. Ra3 a5 19. Qc1 h5 20. f4 Nd7 21. f5 Ne5 22. Bh6 Ne8 23. Rg3 Kh7 24. Bxg7 Nxg7 25. Nd3 Nxd3 26. Bxd3 e6 27. Qg5 e5 28. f6 Ne8 29. Rh3 Qd7 30. Rff3 a4 31. Rxh5+ 1-0

[Event "Halifax Summer op"]
[Site "Halifax CAN"]
[Date "2019.06.28"]
[Round "1.3"]
[White "Evoy, Darin"]
[Black "Ferreira, Paulo"]
[Result "0-1"]
[ECO "E91"]
[WhiteElo "1500"]
[BlackElo "1818"]
[PlyCount "88"]
[EventDate "2019.05.28"]
[EventType "swiss"]
[EventRounds "5"]
[EventCountry "CAN"]
[TimeControl "2+30"]

1. d4 c5 2. d5 Nf6 3. c4 d6 4. Nc3 g6 5. e4 Bg7 6. Nf3 O-O 7. Be2 Bg4 8. O-O Nbd7 9. Nd2 Bxe2 10. Qxe2 a6 11. a3 Rb8 12. Rb1 Re8 13. f4 e6 14. dxe6 Rxe6 15. Qd3 Qc7 16. Nf3 Rbe8 17. f5 R6e7 18. fxg6 hxg6 19. Bg5 Re6 20. Nd5 Nxd5 21. exd5 Ne5 22. Nxe5 Rxe5 23. Bd2 Qe7 24. b4 Re4 25. bxc5 dxc5 26. Qb3 Re2 27. Bf4 Qe4 28. Qf3 Bd4+ 29. Kh1 Qxb1 30. Qxe2 Rxe2 31. Rxb1 b5 32. d6 Kf8 33. h3 Re4 34. cxb5 Rxf4 35. b6 Be5 36. b7 Bxd6 37. b8=Q+ Bxb8 38. Rxb8+ Ke7 39. Kh2 Rf6 40. Rb3 Ke6 41. g4 Kd5 42. g5 Rc6 43. Rd3+ Ke4 44. Rd7 f6 0-1

[Event "Halifax Summer op"]
[Site "Halifax CAN"]
[Date "2019.06.28"]
[Round "1.4"]
[White "Heran-Boily, Samuel"]
[Black "Bates, Paul"]
[Result "1-0"]
[ECO "B50"]
[WhiteElo "1790"]
[BlackElo "1499"]
[PlyCount "113"]
[EventDate "2019.05.28"]
[EventType "swiss"]
[EventRounds "5"]
[EventCountry "CAN"]
[TimeControl "2+30"]

1. e4 c5 2. Nf3 d6 3. Bc4 Bg4 4. Bxf7+ Kxf7 5. Ng5+ Ke8 6. Qxg4 Qd7 7. Qh4 Nf6 8. O-O h6 9. Re1 e5 10. Qh3 Qxh3 11. Nxh3 Nc6 12. c3 Be7 13. d3 g5 14. f3 Kd7 15. Nf2 Rag8 16. Be3 h5 17. Nd2 g4 18. f4 g3 19. Nh3 gxh2+ 20. Kxh2 Ng4+ 21. Kh1 Rg6 22. f5 Rg7 23. Nf3 Rhg8 24. Bd2 Nf6 25. Re2 Rg4 26. Rf1 h4 27. Bg5 Nh5 28. Rff2 Ng3+ 29. Kh2 Nxe2 30. Bxe7 Kxe7 31. Rxe2 Kf6 32. Nhg1 Nd8 33. Kh3 Rg3+ 34. Kh2 R8g4 35. Rf2 Nf7 36. Ne2 Nh6 37. Kh1 Rg7 38. Nxg3 hxg3 39. Re2 Ng4 40. Kg1 Rh7 41. Nd2 Nf2 42. Rxf2 gxf2+ 43. Kxf2 b5 44. Nf3 Rh1 45. Ng1 Rh7 46. Nf3 Rb7 47. g4 b4 48. g5+ Kg7 49. c4 a5 50. Kg3 Rb8 51. Kg4 Rh8 52. Nh4 Re8 53. f6+ Kf7 54. Kf5 Rh8 55. g6+ Ke8 56. g7 Rg8 57. Kg6 1-0

[Event "Halifax Summer op"]
[Site "Halifax CAN"]
[Date "2019.06.29"]
[Round "2.1"]
[White "MacNeil, Walter"]
[Black "Saunders, Stephen"]
[Result "1-0"]
[ECO "A80"]
[WhiteElo "1715"]
[BlackElo "1837"]
[PlyCount "37"]
[EventDate "2019.05.28"]
[EventType "swiss"]
[EventRounds "5"]
[EventCountry "CAN"]
[TimeControl "2+30"]

1. Nf3 f5 2. d4 Nf6 3. d5 c6 4. c4 g6 5. Nc3 Bg7 6. Qc2 O-O 7. e4 fxe4 8.
Nxe4 cxd5 9. Nxf6+ exf6 10.
cxd5 Re8+ 11. Be3 Na6 12. d6 Qa5+ 13. Nd2 Nb4 14. Qb3+ Kf8 15. Bc4 Rxe3+ 16. fxe3 Nc6 17. Bg8 Ne5 18. Bxh7 b6 19. Qg8# 1-0

[Event "Halifax Summer op"]
[Site "Halifax CAN"]
[Date "2019.06.29"]
[Round "2.2"]
[White "MacNeil, Conrad"]
[Black "Heran-Boily, Samuel"]
[Result "0-1"]
[ECO "C53"]
[WhiteElo "1684"]
[BlackElo "1790"]
[PlyCount "122"]
[EventDate "2019.05.28"]
[EventType "swiss"]
[EventRounds "5"]
[EventCountry "CAN"]
[TimeControl "2+30"]

1. e4 e5 2. Nf3 Nc6 3. d4 exd4 4. Bc4 Bc5 5. c3 d6 6. cxd4 Bb6 7. Qb3 Na5 8. Qd3 Nxc4 9. Qxc4 Be6 10. Qd3 Bg4 11. Nc3 Bxf3 12. gxf3 Ne7 13. Bg5 f6 14. Be3 Qd7 15. Rg1 g6 16. O-O-O O-O-O 17. f4 f5 18. f3 d5 19. Kb1 dxe4 20. fxe4 fxe4 21. Nxe4 Nf5 22. Bf2 Rhf8 23. d5 Bxf2 24. Nxf2 Ne7 25. Qa3 Kb8 26. Rge1 Nxd5 27. Re4 Qf5 28. Ka1 Nxf4 29. Red4 Ne6 30. Rxd8+ Rxd8 31. Rxd8+ Nxd8 32. Qe3 Qe6 33. Qd2 Nc6 34. a3 a6 35. h3 Qf5 36. Ka2 h5 37. Ka1 g5 38. Ka2 g4 39. hxg4 hxg4 40. Qe2 g3 41. Ne4 Nd4 42. Qg2 Qd5+ 43. Kb1 Nf5 44. Qf3 Nd6 45. Qf8+ Ka7 46. Nxg3 Qd3+ 47. Ka2 Qxg3 48. Qe7 Qg4 49. Qxc7 Qc4+ 50. Qxc4 Nxc4 51. Kb3 Nd6 52. Kc3 Kb6 53. Kb4 a5+ 54. Ka4 Ka6 55. Kb3 b5 56. Kc3 Kb6 57. b3 Kc6 58. Kd4 Nf5+ 59. Ke4 b4 60. a4 Kc5 61. Kd3 Nd4 0-1

[Event "Halifax Summer op"]
[Site "Halifax CAN"]
[Date "2019.06.29"]
[Round "2.3"]
[White "Cashin, Ken"]
[Black "Kapra, Jerjis"]
[Result "0-1"]
[ECO "B13"]
[WhiteElo "1765"]
[BlackElo "1658"]
[PlyCount "76"]
[EventDate "2019.05.28"]
[EventType "swiss"]
[EventRounds "5"]
[EventCountry "CAN"]
[TimeControl "2+30"]

1. e4 c6 2. d4 d5 3. exd5 cxd5 4. Bd3 Nc6 5. c3 Nf6 6. Bf4 Bg4 7. Qb3 Qd7 8. Nd2 e6 9. Ngf3 Be7 10. Ne5 Qc8 11. Nxg4 Nxg4 12. Nf3 O-O 13. O-O Bd8 14. Qc2 h6 15. Rae1 Bc7 16. Bg3 Bxg3 17. fxg3 Qc7 18. h3 Nf6 19. Qf2 Nh5 20. Ne5 f5 21. Qf3 Nf6 22. Ng6 Rfe8 23. Ne5 Nxe5 24. Rxe5 Qb6 25. Rf2 Rf8 26. Qd1 Ne4 27. Bxe4 fxe4 28. Rxf8+ Rxf8 29. Qb3 Qa6 30. c4 Rc8 31. Qb5 Qxb5 32. cxb5 Kf7 33. g4 g5 34. h4 Kf6 35. a4 Rc4 36. a5 Rxd4 37.
a6 b6 38. Kf2 Kxe5 0-1